[Event "Titled Tuesday Blitz April 12 Early 2022"]
[White "Ferreira, Vitor Hugo Vieira"]
[Black "Galperin, Platon"]
[WhiteFideId "2119765"]
[BlackFideId "14165414"]
[WhiteElo "2165"]
[BlackElo "2432"]
[Result "0-1"]
[Round "01"]
[TimeControl "180+1"]
[Date "2022.04.13"]
[WhiteClock "0:01:04"]
[BlackClock "0:00:58"]

1. d4 Nf6 2. c4 e6 3. Nf3 d5 4. Nc3 Nbd7 5. cxd5 exd5 6. Bg5 h6 7. Bf4 c6 8. e3 Nh5 9. Bd3 Nxf4 10. exf4 Bd6 11. Qd2 Qe7+ 12. Kf1 O-O 13. Re1 Qd8 14. Ne5 Nf6 15. h3 c5 16. dxc5 Bxc5 17. g3 Be6 18. Kg2 Bb4 19. a3 Bxc3 20. Qxc3 d4 21. Qb4 a5 22. Qd2 Bd5+ 23. f3 Qb6 24. g4 Rac8 25. g5 Nh5 26. gxh6 Qxh6 27. Bf5 Nxf4+ 28. Kh2 Be6 29. Bxe6 fxe6 30. Ng4 Qxh3+ 31. Kg1 Qg3+ 32. Kf1 Qxf3+ 33. Nf2 Qg2# 0-1


[Site "https://www.chess.com"]

[Event "Titled Tuesday Blitz April 12 Early 2022"]
[White "Gaehwiler, Gabriel"]
[Black "Estrada Nieto, Julian"]
[WhiteFideId "1314530"]
[BlackFideId "5101018"]
[WhiteElo "2383"]
[BlackElo "2252"]
[Result "1-0"]
[Round "01"]
[TimeControl "180+1"]
[Date "2022.04.13"]
[WhiteClock "0:00:23"]
[BlackClock "0:00:28"]

1. Nf3 d5 2. c4 d4 3. e3 Nc6 4. b4 dxe3 5. fxe3 Nxb4 6. d4 e6 7. Nc3 Nf6 8. a3 Nc6 9. Bd3 g6 10. O-O Bg7 11. Bb2 O-O 12. Qe2 b6 13. Rad1 Bb7 14. Ne5 Nxe5 15. dxe5 Nd7 16. Be4 Bxe4 17. Nxe4 Qe7 18. Nf6+ Bxf6 19. exf6 Qe8 20. Qf2 Kh8 21. Qf4 e5 22. Qh6 Rg8 23. Rf3 Qe6 24. Rh3 Nxf6 25. Rf1 Nh5 26. Rxh5 gxh5 27. Qxe6 fxe6 28. Bxe5+ Rg7 29. Rf7 Rg8 30. Rxc7 h6 31. Rxa7 Kh7 32. Rxg7+ Rxg7 33. Bxg7 Kxg7 34. Kf2 Kf6 35. Ke2 Ke5 36. Kd3 h4 37. h3 h5 38. c5 bxc5 39. Kc4 Ke4 40. a4 Kxe3 41. a5 Kf2 42. a6 Kxg2 43. a7 Kxh3 44. a8=Q Kh2 45. Qb8+ Kg2 46. Qb7+ Kg3 47. Qc7+ Kg2 48. Qg7+ Kf3 49. Kd3 h3 50. Qf6+ Kg2 51. Ke2 h2 52. Qf3+ 1-0


[Site "https://www.chess.com"]

[Event "Titled Tuesday Blitz April 12 Early 2022"]
[White "Gallegos Diaz, Carlos Alberto"]
[Black "Sapunov, Evgeny"]
[WhiteFideId "3900886"]
[BlackFideId "4126661"]
[WhiteElo "2362"]
[BlackElo "2470"]
[Result "1/2-1/2"]
[Round "01"]
[TimeControl "180+1"]
[Date "2022.04.13"]
[WhiteClock "0:00:23"]
[BlackClock "0:00:30"]

1. e4 c5 2. Nf3 d6 3. Be2 Nf6 4. d3 Nc6 5. O-O g6 6. c3 Bg7 7. h3 O-O 8. Re1 e5 9. Nbd2 Re8 10. Bf1 h6 11. a3 d5 12. b4 d4 13. cxd4 cxd4 14. b5 Na5 15. a4 Bf8 16. Nb3 Nxb3 17. Qxb3 Be6 18. Qb1 Nd7 19. Ba3 Bxa3 20. Rxa3 Qe7 21. Ra2 Kg7 22. Rc2 Rac8 23. Rec1 Rxc2 24. Qxc2 b6 25. Qc7 Nc5 26. Qxe7 Rxe7 27. Nxe5 Nxa4 28. Nc6 Rd7 29. Ra1 Nc3 30. Nxa7 g5 31. g3 f5 32. exf5 Bxf5 33. Ra6 h5 34. Nc6 Nxb5 35. Rxb6 Nc3 36. Rb4 Rd6 37. Nxd4 Bxh3 38. Rc4 Bd7 39. Nf3 g4 40. Ne5 Nd5 41. Bg2 Nf6 42. Rc7 Kg8 43. Be4 Be8 44. Rc8 Kg7 45. Nc4 Rd4 46. Ne3 Bd7 47. Rc7 Kh6 48. Nf5+ Bxf5 49. Bxf5 Kg5 50. Be4 Nxe4 51. dxe4 Rxe4 52. Rc5+ Kg6 53. Kg2 Re6 54. Rc2 Rf6 55. Rd2 Rf5 56. Kf1 Kg5 57. Re2 Rd5 58. Re1 Rf5 59. Re2 h4 60. gxh4+ Kxh4 61. Kg2 Ra5 62. Re3 Ra2 63. Rg3 Rb2 64. Re3 Ra2 65. Rg3 Rb2 66. Re3 Ra2 1/2-1/2


[Site "https://www.chess.com"]

[Event "Titled Tuesday Blitz April 12 Early 2022"]
[White "Garagulya, Konstantin"]
[Black "Murzin, Volodar"]
[WhiteFideId "4128931"]
[BlackFideId "44155573"]
[WhiteElo "2329"]
[BlackElo "2585"]
[Result "1-0"]
[Round "01"]
[TimeControl "180+1"]
[Date "2022.04.12"]
[WhiteClock "0:00:03"]
[BlackClock "0:00:01"]

1. d4 Nf6 2. Nf3 g6 3. Nc3 Bg7 4. e4 d6 5. Bc4 O-O 6. e5 Ne8 7. Bf4 c6 8. Qd2 Nc7 9. O-O-O b5 10. Bd3 Be6 11. Kb1 Nba6 12. h4 Nb4 13. Be2 Ncd5 14. Nxd5 Nxd5 15. Bh6 b4 16. Bxg7 Kxg7 17. Ng5 Qa5 18. Nxe6+ fxe6 19. Bc4 dxe5 20. dxe5 Rad8 21. Qg5 Qc5 22. Bxd5 Rxd5 23. Rxd5 exd5 24. f3 Rf5 25. Qg3 Qd4 26. h5 Qxe5 27. h6+ Kf7 28. Qf2 d4 29. Re1 Qd5 30. Qe2 e5 31. Qa6 Qd7 32. Qc4+ Kf6 33. Qxb4 Kg5 34. Rh1 Rf4 35. Qc5 Rf5 36. g4 Rxf3 37. Qxe5+ Kxg4 38. Rg1+ Kh3 39. Qe2 Rg3 40. Qf1+ Kh4 41. Qf2 Qg4 42. Qh2+ Kg5 43. Rxg3 1-0


[Site "https://www.chess.com"]

[Event "Titled Tuesday Blitz April 12 Early 2022"]
[White "Garv Gaur"]
[Black "Zhao, Jun"]
[WhiteFideId "45030839"]
[BlackFideId "8602522"]
[WhiteElo "1950"]
[BlackElo "2547"]
[Result "0-1"]
[Round "01"]
[TimeControl "180+1"]
[Date "2022.04.12"]
[WhiteClock "0:00:05"]
[BlackClock "0:01:06"]

1. d4 Nf6 2. Nf3 e6 3. c4 d5 4. g3 Bb4+ 5. Bd2 Be7 6. Bg2 O-O 7. O-O Nbd7 8. Qc2 c6 9. Rd1 a5 10. Bf4 Nh5 11. Bc1 a4 12. Nc3 dxc4 13. Nxa4 Nhf6 14. Nc5 b5 15. Ng5 Qb6 16. Be3 Nxc5 17. dxc5 Bxc5 18. Bxc5 Qxc5 19. Nf3 e5 20. b4 Qe7 21. Qc3 Re8 22. Ng5 Bd7 23. a3 h6 24. Ne4 Nxe4 25. Bxe4 f5 26. Bg2 e4 27. e3 Be6 28. Rd4 Ra6 29. g4 Rea8 30. h3 Qf6 31. gxf5 Bxf5 32. Qb2 R6a7 33. Qc3 Kh7 34. Qb2 Bg6 35. Qc3 Rd7 36. Rad1 Rad8 37. Rxd7 Rxd7 38. Rc1 Rd1+ 39. Kh2 Qd6+ 0-1


[Site "https://www.chess.com"]

[Event "Titled Tuesday Blitz April 12 Early 2022"]
[White "Gharibyan, Mamikon"]
[Black "Mortazavi, Ali"]
[WhiteFideId "13308300"]
[BlackFideId "401323"]
[WhiteElo "2254"]
[BlackElo "2339"]
[Result "1-0"]
[Round "01"]
[TimeControl "180+1"]
[Date "2022.04.12"]
[WhiteClock "0:01:31"]
[BlackClock "0:01:05"]

1. c4 Nf6 2. Nc3 g6 3. d4 d6 4. e4 Bg7 5. Nf3 O-O 6. Be2 Bg4 7. O-O Nbd7 8. Be3 e5 9. d5 a5 10. h3 Bxf3 11. Bxf3 Ne8 12. Be2 f5 13. exf5 gxf5 14. f4 Kh8 15. Qc2 e4 16. g4 fxg4 17. Bxg4 Nc5 18. Bxc5 dxc5 19. Nxe4 h6 20. Kh2 b6 21. Be6 Nf6 22. Ng3 Ne8 23. Nh5 Bd4 24. Qg6 Rf6 25. Qg8# 1-0


[Site "https://www.chess.com"]

[Event "Titled Tuesday Blitz April 12 Early 2022"]
[White "GodDMuhammad"]
[Black "Ezat, Mohamed"]
[BlackFideId "10600906"]
[WhiteElo "2255"]
[BlackElo "2386"]
[Result "1-0"]
[Round "01"]
[TimeControl "180+1"]
[Date "2022.04.13"]
[WhiteClock "0:00:44"]
[BlackClock "0:00:59"]

1. f4 Nf6 2. g3 g6 3. Bg2 Bg7 4. Nf3 O-O 5. d3 d6 6. c3 e5 7. Qc2 Re8 8. O-O e4 9. dxe4 Nxe4 10. Nbd2 d5 11. Rd1 Bf5 12. Nxe4 Bxe4 13. Qb3 Qc8 14. Re1 Nc6 15. Be3 Bxf3 16. exf3 d4 17. Bf2 dxc3 18. bxc3 Rxe1+ 19. Rxe1 b6 20. Qd5 Na5 21. Bd4 Qd8 22. Qe4 Bxd4+ 23. cxd4 Nc4 24. f5 Nd6 25. Qc6 Nxf5 26. d5 Ne7 27. Rxe7 Qxe7 28. Qxa8+ Kg7 29. h4 a5 30. f4 Qe2 31. Qc6 Qe7 32. a4 h6 33. Kh2 g5 34. fxg5 hxg5 35. h5 Qe5 36. h6+ Kh7 37. Qd7 Kxh6 38. Qxf7 g4 39. Qf4+ Qg5 40. Be4 Qxf4 41. gxf4 Kg7 42. Kg3 Kf6 43. Kxg4 Ke7 44. Kg5 Kd6 45. f5 b5 46. axb5 a4 47. Bb1 Kxd5 48. f6 Kd6 49. Kg6 Kd7 50. Kg7 a3 51. f7 a2 52. Bxa2 Ke7 53. f8=Q+ Kd7 54. Qc5 Kc8 55. Qc6 Kb8 56. Bd5 Kc8 57. Qe8# 1-0


[Site "https://www.chess.com"]

[Event "Titled Tuesday Blitz April 12 Early 2022"]
[White "Goryachkina, Aleksandra"]
[Black "Rudzinska, Michalina"]
[WhiteFideId "4147103"]
[BlackFideId "1172883"]
[WhiteElo "2426"]
[BlackElo "1904"]
[Result "1-0"]
[Round "01"]
[TimeControl "180+1"]
[Date "2022.04.13"]
[WhiteClock "0:01:38"]
[BlackClock "0:01:40"]

1. e4 c5 2. Nf3 e6 3. c3 d5 4. exd5 Qxd5 5. d4 Nf6 6. Na3 a6 7. Nc4 Nbd7 8. a4 b5 9. Ne3 Qb7 10. axb5 axb5 11. Rxa8 Qxa8 12. Bxb5 cxd4 13. Qxd4 Bc5 14. Qxc5 Bb7 15. O-O Bxf3 16. gxf3 h5 17. Rd1 Qxf3 18. Bxd7+ Nxd7 19. Qc8+ Ke7 20. Rxd7+ Kf6 21. Qxh8 Kg5 22. Qxg7+ Kh4 23. Rd4+ Kh3 24. Qg2+ 1-0


[Site "https://www.chess.com"]

[Event "Titled Tuesday Blitz April 12 Early 2022"]
[White "Grischuk, Alexander"]
[Black "Martic, Ivan"]
[WhiteFideId "4126025"]
[BlackFideId "929301"]
[WhiteElo "2762"]
[BlackElo "2317"]
[Result "1-0"]
[Round "01"]
[TimeControl "180+1"]
[Date "2022.04.12"]
[WhiteClock "0:00:15"]
[BlackClock "0:00:02"]

1. d4 Nf6 2. c4 g6 3. Bg5 Bg7 4. Nc3 O-O 5. Nf3 c5 6. d5 d6 7. e3 h6 8. Bh4 Bf5 9. Nd2 Qb6 10. Qc1 a6 11. Be2 Qa5 12. a4 Re8 13. O-O g5 14. Bg3 Nbd7 15. Bd1 Bd3 16. Re1 Ne5 17. Bxe5 dxe5 18. Bc2 e4 19. Bxd3 exd3 20. Qb1 e6 21. Qxd3 Rad8 22. Red1 exd5 23. cxd5 Qb4 24. a5 Nd7 25. Qc2 Qh4 26. Nf3 Qh5 27. Qf5 Ne5 28. h3 Nxf3+ 29. Qxf3 Qg6 30. Rac1 h5 31. g4 hxg4 32. hxg4 Be5 33. Kg2 Kg7 34. Qf5 Qxf5 35. gxf5 Rd6 36. Ne4 Rh6 37. Nxg5 Bxb2 38. Rxc5 Bf6 39. Nf3 Re4 40. d6 Rg4+ 41. Kf1 Ra4 42. Ke2 Rh5 43. d7 Bd8 44. Rc8 Rh8 45. Rd5 Kf6 46. Nd4 Ra2+ 47. Kf3 Rh3+ 48. Kg2 Rh8 49. Rb8 Rg8+ 50. Kf3 Ke7 51. Rxb7 Rxa5 52. Nc6+ Kf6 53. Nxa5 1-0


[Site "https://www.chess.com"]

[Event "Titled Tuesday Blitz April 12 Early 2022"]
[White "Gu, Xiaobing"]
[Black "Piesik, Piotr"]
[WhiteFideId "8602611"]
[BlackFideId "1136194"]
[WhiteElo "2174"]
[BlackElo "2190"]
[Result "0-1"]
[Round "01"]
[TimeControl "180+1"]
[Date "2022.04.13"]
[WhiteClock "0:01:06"]
[BlackClock "0:02:16"]

1. e4 g6 2. d4 Bg7 3. Nc3 c6 4. Be3 d5 5. e5 Nh6 6. h3 Nf5 7. Qd2 Nxe3 8. Qxe3 Bf5 9. O-O-O h5 10. Nf3 e6 11. Kb1 Nd7 12. Ng5 h4 13. g4 hxg3 14. fxg3 Bh6 15. h4 Bxg5 0-1


[Site "https://www.chess.com"]

[Event "Titled Tuesday Blitz April 12 Early 2022"]
[White "Gunina, Valentina"]
[Black "Avazkhonov, Alikhon"]
[WhiteFideId "4167570"]
[BlackFideId "14208504"]
[WhiteElo "2381"]
[BlackElo "1739"]
[Result "1-0"]
[Round "01"]
[TimeControl "180+1"]
[Date "2022.04.13"]
[WhiteClock "0:01:08"]
[BlackClock "0:00:05"]

1. d4 d5 2. c4 e6 3. Nf3 c6 4. e3 f5 5. g4 Nf6 6. Ne5 Bd6 7. gxf5 exf5 8. Nc3 O-O 9. Qb3 Kh8 10. Bd2 Qe7 11. f4 Be6 12. O-O-O Ne4 13. Nxe4 fxe4 14. h4 Bxe5 15. dxe5 Na6 16. Qc2 Nc5 17. Kb1 Nd3 18. cxd5 cxd5 19. Bc3 Rac8 20. Qd2 b5 21. h5 Rc4 22. Ka1 b4 23. Bd4 Rfc8 24. Bxd3 exd3 25. Qxd3 Qb7 26. f5 Bf7 27. h6 Qc7 28. e6 Rc1+ 29. Rxc1 Qxc1+ 30. Rxc1 Rxc1+ 31. Qb1 Rxb1+ 32. Kxb1 Be8 33. Bxg7+ Kg8 34. f6 Bg6+ 35. Kc1 1-0


[Site "https://www.chess.com"]

[Event "Titled Tuesday Blitz April 12 Early 2022"]
[White "Hansen, Eric"]
[Black "Girinath, P.D.S."]
[WhiteFideId "2606771"]
[BlackFideId "5000572"]
[WhiteElo "2850"]
[BlackElo "2455"]
[Result "1/2-1/2"]
[Round "01"]
[TimeControl "180+1"]
[Date "2022.04.13"]
[WhiteClock "0:00:03"]
[BlackClock "0:00:17"]

1. e4 e6 2. d4 d5 3. Nc3 Nf6 4. Bg5 Bb4 5. e5 h6 6. Bc1 Ne4 7. Ne2 c5 8. a3 Bxc3+ 9. Nxc3 cxd4 10. Qxd4 Nc6 11. Bb5 Bd7 12. Bxc6 Bxc6 13. Ne2 f6 14. f3 fxe5 15. Qxe5 Qf6 16. Bf4 Qxe5 17. Bxe5 Nf6 18. Nd4 Kf7 19. O-O-O Bd7 20. Rhe1 Rac8 21. h4 Rc4 22. b3 Rcc8 23. Kb2 Ng8 24. h5 a6 25. a4 Ne7 26. Ne2 b5 27. axb5 Bxb5 28. Nf4 Nc6 29. Nxe6 Rhe8 30. Bxg7 Rxe6 31. Rxe6 Kxe6 32. Bxh6 Rh8 33. Re1+ Kd7 34. Bf4 Rxh5 35. Rd1 Ke6 36. Re1+ Kf7 37. Rd1 d4 38. Kc1 Rf5 39. Bc7 d3 40. c4 Nb4 41. cxb5 Rc5+ 42. Kb2 Rxc7 43. bxa6 Rc2+ 44. Ka3 Nxa6 45. Rxd3 Rxg2 46. b4 Nb8 47. b5 Rg6 48. Kb4 Ke7 49. Ka5 Nd7 50. f4 Rf6 51. Rd4 Kd8 52. Rc4 Nb6 53. Rc6 Rxc6 54. bxc6 Kc7 55. Kb5 Nd5 56. f5 Nf6 57. Kc5 Nh5 58. Kd5 Nf4+ 59. Ke5 Nh5 60. Kd5 Nf6+ 61. Kc5 Ne4+ 62. Kd5 Ng5 63. f6 Nf7 64. Kc5 Nh6 65. Kd5 Nf7 66. Ke6 Nd8+ 67. Kf5 Kxc6 68. Kg6 Kd7 69. Kg7 Ke6 70. f7 Nxf7 1/2-1/2


[Site "https://www.chess.com"]

[Event "Titled Tuesday Blitz April 12 Early 2022"]
[White "Dronavalli, Harika"]
[Black "Dwilewicz, Katarzyna"]
[WhiteFideId "5015197"]
[BlackFideId "1148486"]
[WhiteElo "2382"]
[BlackElo "1907"]
[Result "1-0"]
[Round "01"]
[TimeControl "180+1"]
[Date "2022.04.13"]
[WhiteClock "0:00:40"]
[BlackClock "0:00:01"]

1. d4 d5 2. c4 e6 3. Nc3 Bb4 4. e3 Nf6 5. Nf3 O-O 6. Bd2 c5 7. Rc1 Nc6 8. a3 Bxc3 9. Bxc3 Ne4 10. dxc5 Nxc3 11. Rxc3 a5 12. cxd5 exd5 13. Be2 Be6 14. O-O Qf6 15. Nd4 Rac8 16. Qd2 Ne5 17. Rcc1 Nc4 18. Bxc4 dxc4 19. Qxa5 Bd5 20. f3 Rfe8 21. Rfe1 Re5 22. e4 Rh5 23. Qd2 Be6 24. Nxe6 Qxe6 25. Red1 Rhxc5 26. Qd8+ Qe8 27. Qxe8+ Rxe8 28. Kf2 Kf8 29. Rd6 Ke7 30. Rb6 Rc7 31. Rb4 Rec8 32. Rc3 Rd8 33. Ke3 Rdc8 34. h4 h5 35. a4 g6 36. g3 f6 37. Rb6 Rd7 38. a5 Rc5 39. Rb4 Rxa5 40. Rbxc4 Ra2 41. Rb4 Ra1 42. Rd3 Re1+ 43. Kd2 Rd1+ 44. Kxd1 Rxd3+ 45. Ke2 Rd7 46. Rb6 Rc7 47. Kd3 Kf7 48. Ke3 Ke7 49. f4 Kf7 50. e5 fxe5 51. fxe5 Kg7 52. Kd4 Kf7 53. Kd5 Rd7+ 54. Rd6 Rc7 55. Rf6+ Kg7 56. Rb6 Kf7 57. Rf6+ Kg7 58. Rf2 Rc1 59. e6 Rd1+ 60. Ke5 Re1+ 61. Kd6 b5 62. e7 b4 63. Kd7 Rd1+ 64. Kc7 Rc1+ 65. Kd8 Rd1+ 66. Ke8 b3 67. Rf7+ Kg8 68. Rf3 Rd2 69. Rxb3 Kg7 70. Re3 Rd5 71. b4 Kf6 72. b5 1-0


[Site "https://www.chess.com"]

[Event "Titled Tuesday Blitz April 12 Early 2022"]
[White "Hasangatin, Ramil"]
[Black "Khamdamova, Afruza"]
[WhiteFideId "4122160"]
[BlackFideId "14210444"]
[WhiteElo "2375"]
[BlackElo "1660"]
[Result "0-1"]
[Round "01"]
[TimeControl "180+1"]
[Date "2022.04.13"]
[WhiteClock "0:00:17"]
[BlackClock "0:00:36"]

1. e4 e5 2. Nf3 Nf6 3. d3 Nc6 4. c3 d5 5. Nbd2 Bc5 6. Be2 O-O 7. b4 Bb6 8. O-O a6 9. a3 dxe4 10. dxe4 Bg4 11. Qc2 Qe7 12. Nc4 Ba7 13. Ne3 Be6 14. Ng5 Bd7 15. Nd5 Qd8 16. Rd1 h6 17. Nf3 Ng4 18. Rf1 f5 19. h3 fxe4 20. hxg4 exf3 21. Bxf3 Qh4 22. Qe4 Rae8 23. Be3 Bxe3 24. Qxe3 Bxg4 25. Bxg4 Qxg4 26. Nxc7 Re7 27. Nd5 Re6 28. Qg3 Qxg3 29. fxg3 Rg6 30. Kh2 Rd6 31. c4 b5 32. cxb5 axb5 33. Nc3 Nd4 34. Rxf8+ Kxf8 35. Re1 Re6 36. g4 Ke7 37. Ne4 Rg6 38. Kh3 Ra6 39. Nc5 Rxa3+ 40. g3 Nf3 41. Rh1 Ra2 42. g5 Nxg5+ 43. Kg4 Rb2 44. Nd3 Re2 45. Kf5 Kf7 46. Ra1 g6+ 47. Kg4 Re4+ 48. Nf4 exf4 49. gxf4 Ne6 50. Ra7+ Kf6 51. Kg3 Rxf4 52. Rb7 Rxb4 53. Rb8 Rb3+ 54. Kg4 h5+ 55. Kh4 Rb4+ 56. Kg3 Ke5 57. Re8 g5 58. Kf3 Rb3+ 59. Ke2 h4 60. Kf2 g4 61. Kg2 Rb2+ 62. Kg1 h3 63. Rg8 Kf4 64. Kh1 Kg3 65. Rf8 Rb1+ 66. Rf1 Rxf1# 0-1


[Site "https://www.chess.com"]

[Event "Titled Tuesday Blitz April 12 Early 2022"]
[White "Hess, Robert"]
[Black "Prohorov, Olexandr"]
[WhiteFideId "2022036"]
[BlackFideId "14105578"]
[WhiteElo "2557"]
[BlackElo "1993"]
[Result "1-0"]
[Round "01"]
[TimeControl "180+1"]
[Date "2022.04.13"]
[WhiteClock "0:00:07"]
[BlackClock "0:00:02"]

1. b3 d5 2. Bb2 Nc6 3. e3 e5 4. d3 Bd6 5. Nd2 Qe7 6. a3 Nf6 7. Ne2 O-O 8. h3 a5 9. g4 h6 10. Ng3 Re8 11. e4 g6 12. Bg2 Be6 13. Nf3 a4 14. bxa4 dxe4 15. dxe4 Bc4 16. Nd2 Ba6 17. h4 Nd7 18. h5 Kg7 19. f4 Nd4 20. Nf3 c5 21. hxg6 fxg6 22. f5 Nxf3+ 23. Qxf3 Rf8 24. Rd1 Bc7 25. Qe3 g5 26. f6+ Rxf6 27. Nh5+ Kg6 28. Rxd7 Qxd7 29. Nxf6 Ba5+ 30. Bc3 Bxc3+ 31. Qxc3 Kxf6 32. Rxh6+ Kg7 33. Rh5 Qd4 34. Qxd4 cxd4 35. Rxg5+ Kf6 36. Rf5+ Ke6 37. g5 Rh8 38. Kf2 Rh4 39. Kg3 Rh5 40. Bf3 Rh8 41. Bg4 Rc8 42. Rf3+ Kd6 43. Bxc8 1-0


[Site "https://www.chess.com"]

[Event "Titled Tuesday Blitz April 12 Early 2022"]
[White "Horcajuelo Rocamora, Martin"]
[Black "Samant Aditya S"]
[WhiteFideId "24573027"]
[BlackFideId "35080580"]
[WhiteElo "1822"]
[BlackElo "1916"]
[Result "0-1"]
[Round "01"]
[TimeControl "180+1"]
[Date "2022.04.13"]
[WhiteClock "0:01:33"]
[BlackClock "0:00:24"]

1. e4 c5 2. Nf3 d6 3. d4 cxd4 4. Nxd4 Nf6 5. Nc3 Nc6 6. Nd5 Nxd5 7. exd5 Qa5+ 8. Bd2 Qxd5 9. Nb5 Qe6+ 10. Be2 Qd7 11. c4 a6 12. Nc3 e6 13. Be3 Be7 14. Qd2 O-O 15. Na4 Qc7 16. Bb6 Qb8 17. Be3 Qc7 18. Bb6 Qd7 19. Be3 Qe8 20. O-O Bd7 21. Nb6 Rd8 22. b4 Ne5 23. f4 Ng6 24. g3 Bc6 25. a4 d5 26. c5 d4 27. Bf2 Bf6 28. Ra3 e5 29. f5 Ne7 30. g4 e4 31. Bg3 Nd5 32. Nc4 e3 33. Qe1 Nc3 34. Nd6 Rxd6 35. Bxd6 Nxe2+ 36. Qxe2 Qe4 37. Rf3 Qxf3 38. Qxf3 Bxf3 39. Bxf8 Kxf8 40. b5 Ke7 41. h3 Kd7 42. Rd3 Be4 43. Ra3 axb5 44. axb5 d3 45. Kf1 d2 46. Ke2 Bf3+ 0-1


[Site "https://www.chess.com"]

[Event "Titled Tuesday Blitz April 12 Early 2022"]
[White "Ibadov, Dashgyn"]
[Black "Caruana, Fabiano"]
[WhiteFideId "24107514"]
[BlackFideId "2020009"]
[WhiteElo "2138"]
[BlackElo "2744"]
[Result "0-1"]
[Round "01"]
[TimeControl "180+1"]
[Date "2022.04.12"]
[WhiteClock "0:00:07"]
[BlackClock "0:00:22"]

1. e4 c6 2. d4 d5 3. e5 Bf5 4. Nf3 e6 5. Be2 Ne7 6. O-O h6 7. Nbd2 Nd7 8. a4 a5 9. Nb3 Nc8 10. Be3 Ncb6 11. Ne1 Nc4 12. Bc1 Be7 13. Bd3 Bxd3 14. Nxd3 O-O 15. f4 f5 16. exf6 Nxf6 17. Ne5 Nxe5 18. fxe5 Ne4 19. Be3 Rxf1+ 20. Qxf1 Qe8 21. Qd3 Qh5 22. Rf1 Bg5 23. Nd2 Bxe3+ 24. Qxe3 Qg5 25. Qxg5 Nxg5 26. h4 Nf7 27. Rf3 Kf8 28. g4 Ke7 29. Rb3 Rb8 30. c4 Nh8 31. Kg2 Ng6 32. Kg3 Kd7 33. c5 Kc7 34. Rf3 Rf8 35. Rxf8 Nxf8 36. Nb3 Nd7 37. Kf4 b6 38. cxb6+ Kxb6 39. g5 c5 40. dxc5+ Nxc5 41. Nd4 Kc7 42. gxh6 gxh6 43. Kg4 Kd7 44. Kh5 Nd3 45. Kxh6 Nxe5 46. Kg7 Ng4 47. h5 e5 48. Nf3 d4 0-1


[Site "https://www.chess.com"]

[Event "Titled Tuesday Blitz April 12 Early 2022"]
[White "Iljin, Timofey"]
[Black "Bryakin, Mikhail"]
[WhiteFideId "14110180"]
[BlackFideId "4165314"]
[WhiteElo "2469"]
[BlackElo "2859"]
[Result "0-1"]
[Round "01"]
[TimeControl "180+1"]
[Date "2022.04.13"]
[WhiteClock "0:00:24"]
[BlackClock "0:00:04"]

1. d4 Nf6 2. c4 g6 3. Nc3 Bg7 4. e4 d6 5. f4 c5 6. d5 e6 7. Nf3 exd5 8. cxd5 O-O 9. Be2 Re8 10. e5 Nfd7 11. exd6 a6 12. a4 Nf6 13. O-O Bg4 14. f5 Qxd6 15. fxg6 hxg6 16. Bg5 Nbd7 17. Qd2 Ne4 18. Nxe4 Rxe4 19. Rad1 Rxa4 20. Be3 Re8 21. Bf2 Rb4 22. Bd3 Rxb2 23. Qg5 Bxf3 24. gxf3 Bd4 25. f4 Rxf2 26. Rxf2 Nf6 27. Bxg6 Bxf2+ 28. Kxf2 fxg6 29. Qxg6+ Kf8 30. Qh6+ Ke7 31. Kf3 Kd7 32. Qh3+ Kc7 33. Qf5 Re7 34. h4 Nd7 35. h5 c4 36. h6 Nf6 37. Rg1 Qxd5+ 38. Qxd5 Nxd5 39. Rg7 Rxg7 40. hxg7 Nf6 41. f5 Kd7 42. Kf4 Ke7 43. Kg5 Kf7 44. Kh6 Ng8+ 45. Kh7 c3 46. f6 c2 47. Kh8 c1=Q 48. Kh7 Nxf6+ 49. Kh8 Ng8 50. Kh7 b5 51. Kh8 a5 52. Kh7 a4 53. Kh8 b4 54. Kh7 a3 55. Kh8 b3 56. Kh7 b2 57. Kh8 a2 58. Kh7 Qh6# 0-1


[Site "https://www.chess.com"]

[Event "Titled Tuesday Blitz April 12 Early 2022"]
[White "Ishbaev, Alibek"]
[Black "Martinovici, Ilia"]
[WhiteFideId "14205017"]
[BlackFideId "13907034"]
[WhiteElo "2321"]
[BlackElo "2282"]
[Result "0-1"]
[Round "01"]
[TimeControl "180+1"]
[Date "2022.04.13"]
[WhiteClock "0:01:31"]
[BlackClock "0:02:16"]

1. c4 Nf6 2. Nc3 e6 3. e4 d5 4. e5 d4 5. exf6 dxc3 6. bxc3 Qxf6 7. Nf3 b6 8. d4 h6 9. Be2 Bd6 10. O-O O-O 11. Be3 Nd7 12. Rb1 c6 13. d5 exd5 14. cxd5 Bb7 15. Bd4 Ne5 16. Re1 cxd5 17. Nxe5 Bxe5 18. Ba6 Bxd4 19. Bxb7 Bxf2+ 20. Kh1 Bxe1 21. Bxa8 Qf1# 0-1


[Site "https://www.chess.com"]

[Event "Titled Tuesday Blitz April 12 Early 2022"]
[White "Jobava, Baadur"]
[Black "Dounis, Alexandros"]
[WhiteFideId "13601520"]
[BlackFideId "4213238"]
[WhiteElo "2617"]
[BlackElo "2204"]
[Result "1-0"]
[Round "01"]
[TimeControl "180+1"]
[Date "2022.04.12"]
[WhiteClock "0:01:40"]
[BlackClock "0:01:10"]

1. b3 e5 2. Bb2 Nc6 3. Nf3 e4 4. Nd4 Nf6 5. e3 Bd6 6. Nf5 Bf8 7. Ng3 d5 8. d3 Bb4+ 9. Nd2 Qe7 10. a3 Bxd2+ 11. Qxd2 O-O 12. O-O-O Rd8 13. Be2 a5 14. dxe4 dxe4 15. Qc3 Be6 16. Nxe4 Ne8 17. Nc5 Bc8 18. Rxd8 Nxd8 19. Rd1 b6 20. Bf3 Rb8 21. Qe5 Ne6 22. Nxe6 Bxe6 23. Bc6 Nf6 24. Rd7 1-0


[Site "https://www.chess.com"]

[Event "Titled Tuesday Blitz April 12 Early 2022"]
[White "Johnson, Ben"]
[Black "Stevens, Christian"]
[WhiteFideId "2010917"]
[BlackFideId "2604450"]
[WhiteElo "2107"]
[BlackElo "2549"]
[Result "1-0"]
[Round "01"]
[TimeControl "180+1"]
[Date "2022.04.13"]
[WhiteClock "0:00:04"]
[BlackClock "0:00:01"]

1. Nf3 c5 2. c4 b6 3. g3 Bb7 4. Bg2 Nf6 5. O-O e6 6. b3 Bd6 7. Bb2 O-O 8. d4 Nc6 9. dxc5 Bxc5 10. Nc3 a6 11. a3 Rc8 12. Qc2 Be7 13. Rad1 h6 14. Ne4 d5 15. Nxf6+ Bxf6 16. Bxf6 Qxf6 17. Qd3 dxc4 18. bxc4 Na5 19. Rc1 Rfd8 20. Qb1 Nxc4 21. Qb4 b5 22. a4 Bc6 23. axb5 axb5 24. Rfd1 Be8 25. e3 Qb2 26. Qxb2 Nxb2 27. Rxd8 Rxd8 28. Rb1 Nc4 29. Nd4 Nd6 30. Bc6 Kf8 31. Bxe8 Kxe8 32. Nxb5 Ne4 33. Rb2 Ke7 34. Nd4 Kf6 35. Kg2 Nc5 36. h3 Nd3 37. Ra2 Ne1+ 38. Kf1 Nd3 39. Ra3 Ne5 40. Ra2 Rc8 41. Kg2 Rc1 42. Re2 Nd3 43. Rd2 Nb4 44. Nf3 g5 45. g4 Nd5 46. h4 Nc3 47. hxg5+ hxg5 48. Rd3 Ne4 49. Rd4 Nc5 50. Rd2 Rc4 51. Ra2 Rxg4+ 52. Kh3 Rb4 53. Kg3 Ne4+ 54. Kg4 Nxf2+ 55. Kg3 Ne4+ 56. Kg2 Nd6 57. Rf2 Kg6 58. Kg3 Nf5+ 59. Kg2 f6 60. Re2 Re4 61. Kf2 g4 62. Nd2 Ra4 63. Re1 Kg5 64. Ke2 Ra3 65. Rg1 Rxe3+ 66. Kd1 Re5 67. Nf3+ Kf4 68. Nxe5 Kxe5 69. Rf1 1-0


[Site "https://www.chess.com"]

[Event "Titled Tuesday Blitz April 12 Early 2022"]
[White "Jumabayev, Rinat"]
[Black "Shohat, Yotam"]
[WhiteFideId "13702661"]
[BlackFideId "2813955"]
[WhiteElo "2561"]
[BlackElo "2119"]
[Result "1/2-1/2"]
[Round "01"]
[TimeControl "180+1"]
[Date "2022.04.12"]
[WhiteClock "0:00:16"]
[BlackClock "0:00:08"]

1. e4 c5 2. Nf3 Nc6 3. Bb5 g6 4. O-O Nf6 5. Re1 Bg7 6. c3 O-O 7. d4 d5 8. e5 Ne4 9. dxc5 Nxc5 10. h3 Qb6 11. Bf1 Rd8 12. Na3 Ne4 13. Qc2 Nxe5 14. Be3 Qc7 15. Nb5 Qb8 16. Nxe5 Bxe5 17. Bd3 Bh2+ 18. Kh1 Bf5 19. Nxa7 Bf4 20. Nb5 Bxe3 21. Rxe3 Qf4 22. Kg1 Ra5 23. Nd4 e5 24. Nxf5 gxf5 25. Rae1 Rxa2 26. f3 Nc5 27. Rxe5 Nxd3 28. Qxd3 Rxb2 29. Rxf5 Qg3 30. Re2 Rxe2 31. Qxe2 Ra8 32. Rxd5 Ra1+ 33. Rd1 Rxd1+ 34. Qxd1 Qe5 35. Qd8+ Kg7 36. Qd3 Kf6 37. Kf2 Ke6 38. Qxh7 Qc5+ 39. Kf1 Qxc3 40. Qe4+ Kd6 41. Qxb7 Qc1+ 42. Ke2 Qc2+ 43. Ke3 Qxg2 44. Qxf7 Qxh3 45. Ke4 Qe6+ 46. Qxe6+ Kxe6 47. Kf4 Kf6 48. Kg4 Kg6 49. f4 Kf6 50. Kg3 Kf5 51. Kf3 Kf6 52. Ke4 Ke6 53. f5+ Kf6 54. Kf4 Kf7 55. Ke5 Ke7 56. Ke4 Kf6 57. Kf4 Kf7 58. Kg4 Kf6 59. Kf4 1/2-1/2


[Site "https://www.chess.com"]